 Dungeon Crawl Stone Soup version 0.17-a0-1769-g54adf96 (webtiles) character file.

14095 Psiweapon the Demolition Orc (level 12, -11/103 HPs)
             Began as a Hill Orc Fighter on Sept 7, 2015.
             Was an Elder of Makhleb.
             Mangled by Snorg (23 damage)
             ... on level 3 of the Lair of Beasts.
             The game lasted 00:40:11 (11480 turns).

Psiweapon the Demolition Orc (Hill Orc Fighter)    Turns: 11480, Time: 00:40:11

Health: -11/103    AC: 15    Str: 26    XL:     12   Next: 12%
Magic:  22/22      EV: 11    Int:  9    God:    Makhleb [****..]
Gold:   631        SH: 11    Dex: 11    Spells: 0 memorised, 11 levels left

rFire  . . .     SeeInvis .     a - +1 war axe (chop)
rCold  . . .     Clarity  .     X - +0 scale mail {rPois}
rNeg   . . .     SustAt   .     c - +0 shield
rPois  +         Gourm    .     Y - +0 helmet
rElec  .         Spirit   .     (no cloak)
rCorr  .         Warding  .     E - +0 pair of gloves
rMut   .         Stasis   .     (no boots)
MR     .....                    (no amulet)
Stlth  ..........               A - +4 ring of protection
                                T - +4 ring of strength

@: about to teleport, not resistant to hostile enchantments, extremely
unstealthy
A: no striking features
a: Minor Destruction, Lesser Servant of Makhleb, Major Destruction, Renounce
Religion


You were on level 3 of the Lair of Beasts.
You worshipped Makhleb.
Makhleb was greatly pleased with you.
You were hungry.

You visited 3 branches of the dungeon, and saw 12 of its levels.

You collected 631 gold pieces.

Inventory:

Hand weapons
 a - a +1 war axe of chopping (weapon)
 b - a +2 whip of venom
 H - a +1 flail of protection
 R - a +0 blowgun
Missiles
 o - 6 curare-tipped needles
 K - 6 javelins of penetration
 P - 2 throwing nets (quivered)
 S - 17 poisoned needles
Armour
 c - a +0 shield (worn)
 E - a +0 pair of gloves (worn)
 X - a +0 scale mail of poison resistance (worn)
 Y - a +0 helmet (worn)
Jewellery
 m - an uncursed ring of wizardry
 s - an uncursed ring of ice
 A - a +4 ring of protection (right hand)
 T - a +4 ring of strength (left hand)
Magical devices
 u - a wand of flame (37)
 v - a wand of slowing (18)
 w - a wand of confusion (37)
 x - a wand of lightning (0)
 z - a wand of polymorph (11)
 N - a wand of frost (13)
 O - a wand of slowing (28)
 U - a wand of cold (0)
Scrolls
 f - 2 scrolls of teleportation
 g - 5 scrolls of remove curse
 h - 4 scrolls of enchant weapon
 j - 4 scrolls of amnesia
 q - 2 scrolls of recharging
 y - a scroll of fog {unknown}
 C - 2 scrolls of random uselessness {unknown}
 D - a scroll of fear {unknown}
 F - a scroll of brand weapon {unknown}
 L - 2 scrolls of immolation
 V - a scroll of identify
Potions
 d - 4 potions of might
 i - a potion of brilliance {unknown}
 k - a potion of curing
 n - a potion of flight {unknown}
 B - 3 potions of agility
 G - 4 potions of lignification
 M - a potion of ambrosia {unknown}
 W - a potion of haste
Miscellaneous
 t - a phantom mirror
Comestibles
 e - 9 bread rations
 l - 2 slices of pizza
 p - a meat ration
 r - 7 beef jerkies
 I - 3 chunks of flesh
 J - 4 fruits


   Skills:
 + Level 8.8 Fighting
 + Level 8.5(9.0) Axes
 - Level 3.2(5.5) Maces & Flails
 * Level 2.3 Throwing
 + Level 9.0 Armour
 + Level 5.7 Dodging
 + Level 0.6 Stealth
 + Level 8.1 Shields
 + Level 13.7 Invocations
 + Level 1.3 Evocations


You had 11 spell levels left.
You didn't know any spells.

Dungeon Overview and Level Annotations

Branches:
Dungeon (8/15)             Temple (1/1) D:6            Lair (3/8) D:8
  Swamp: Lair:3-6    Shoals: Lair:3-6     Snake: Lair:3-6    Spider: Lair:3-6

Altars:
Ashenzari
Cheibriados
Dithmenos
Elyvilon
Fedhas
Kikubaaqudgha
Makhleb
Nemelex Xobeh
Okawaru
Ru
Sif Muna
Trog
Vehumet
Xom
Zin
The Shining One

Annotations:
Lair:3 Snorg


Message History

You feel somewhat more hungry.
Snorg burns!
You block the spiny frog's attack. You block the spiny frog's attack.
You hear a croak.
Use which ability?
Press: ? - help, Shift-Dir - straight line, f/p - Snorg
Aim: Snorg (heavily wounded, berserk, fast, unusually strong, covered in liquid flames)
The bolt of fire hits Snorg.
Snorg is severely wounded.
You feel somewhat more hungry.
Snorg burns!
Snorg bites you. Snorg claws you!
* * * LOW HITPOINT WARNING * * *
Snorg claws you!
* * * LOW HITPOINT WARNING * * *
You block the spiny frog's attack.
Read which item? (? for menu, Esc to quit)
As you read the scroll of teleportation, it crumbles to dust.
You feel strangely unstable.
Snorg burns!
You block Snorg's attack. Snorg claws you.
* * * LOW HITPOINT WARNING * * *
Snorg claws you but does no damage. Snorg bites you!!
You die...

### ...# #...#
#.....
###......
#......./
##.F......
#.@....#
.......T...$#
#.###.>......#
##.........
..#....... ###
#...... ......
.#....


You could see Snorg (berserk) and a spiny frog.

Vanquished Creatures
  Fannar (Lair:1)
  A hydra (Lair:2)
  3 death yaks (Lair:2)
  Sonja (Lair:2)
  Nergalle (Lair:2)
  A black mamba (Lair:1)
  Joseph (D:7)
  5 spiny frogs
  4 komodo dragons
  The ghost of Psiweapon the Cudgeler, an average OgHu of Makhleb (D:3)
  A wyvern (Lair:3)
  5 yaks (Lair:2)
  3 hippogriffs
  2 wargs (D:8)
  2 hungry ghosts
  5 water moccasins
  2 orc warriors (D:8)
  An ice beast (D:6)
  3 porcupines
  2 centaurs
  6 ogres
  3 crocodiles
  2 giant frogs
  A big kobold (D:7)
  7 wights
  A scorpion (Lair:2)
  2 killer bees (D:7)
  2 quasits
  4 orc priests
  2 crimson imps
  5 hounds
  A giant frog skeleton (D:4)
  A gnoll shaman (D:7)
  7 worker ants
  Jessica (D:2)
  A centaur skeleton (D:5)
  6 orc wizards
  7 iguanas
  7 sheep (Lair:1)
  3 worker ant zombies
  7 adders
  12 gnolls
  10 river rats (Lair:2)
  2 oozes
  4 worms
  2 adder skeletons (D:4)
  2 giant geckos (D:1)
  25 orcs
  4 bats (D:2)
  7 giant cockroaches
  5 goblins
  9 hobgoblins
  7 jackals
  6 quokkas
  2 ball pythons (D:3)
  3 giant newts
  17 kobolds
  4 rats
  A fungus (Lair:2)
  2 plants (Lair:2)
245 creatures vanquished.

Vanquished Creatures (collateral kills)
  A death yak (Lair:2)
  A water moccasin (Lair:2)
  3 wights (D:8)
  An orc wizard (D:8)
  A giant frog zombie (D:8)
  A jelly (D:8)
8 creatures vanquished.

Vanquished Creatures (others)
  A killer bee (D:7)
  7 fungi
  5 plants (Lair:2)
13 creatures vanquished.

Grand Total: 266 creatures vanquished

Notes
Turn   | Place    | Note
--------------------------------------------------------------
     0 | D:1      | Psiweapon the Hill Orc Fighter began the quest for the Orb.
     0 | D:1      | Reached XP level 1. HP: 19/19 MP: 1/1
   152 | D:1      | Reached XP level 2. HP: 27/27 MP: 2/2
   524 | D:1      | Reached XP level 3. HP: 31/33 MP: 3/3
   559 | D:1      | Reached skill level 4 in Fighting
  1284 | D:2      | Found a burning altar of Makhleb.
  1291 | D:2      | Became a worshipper of Makhleb the Destroyer
  1320 | D:2      | Noticed Jessica
  1326 | D:2      | Killed Jessica
  1326 | D:2      | Reached XP level 4. HP: 6/41 MP: 4/4
  1826 | D:2      | Reached skill level 1 in Invocations
  1836 | D:2      | Reached skill level 1 in Dodging
  1864 | D:2      | Reached XP level 5. HP: 33/47 MP: 5/5
  2404 | D:3      | Found a snail-covered altar of Cheibriados.
  2414 | D:3      | Reached XP level 6. HP: 7/53 MP: 7/7
  2799 | D:3      | Acquired Makhleb's first power
  2863 | D:3      | Found a shattered altar of Ashenzari.
  2867 | D:3      | Noticed Psiweapon's ghost (average OgHu)
  2883 | D:3      | Killed Psiweapon's ghost
  2883 | D:3      | Reached skill level 1 in Maces & Flails
  2883 | D:3      | Reached XP level 7. HP: 22/60 MP: 9/9
  3498 | D:4      | Reached skill level 5 in Fighting
  3657 | D:4      | Reached skill level 5 in Axes
  3657 | D:4      | Reached skill level 5 in Armour
  3848 | D:5      | Entered Level 5 of the Dungeon
  3926 | D:6      | Acquired Makhleb's second power
  3990 | D:6      | Reached XP level 8. HP: 52/68 MP: 11/11
  4309 | D:5      | Reached skill level 5 in Shields
  4468 | D:5      | Reached skill level 1 in Evocations
  4906 | D:6      | Noticed a hippogriff
  4920 | D:6      | Killed a hippogriff
  4936 | D:6      | Found a deep blue altar of Sif Muna.
  5055 | D:6      | Reached skill level 5 in Invocations
  5293 | D:6      | Found a staircase to the Ecumenical Temple.
  5305 | Temple   | Entered the Ecumenical Temple
  5794 | D:7      | Reached skill level 6 in Armour
  5887 | D:7      | Noticed Joseph
  5914 | D:7      | Killed Joseph
  5914 | D:7      | Reached XP level 9. HP: 39/75 MP: 13/13
  6277 | D:7      | Found a bloodstained altar of Trog.
  6280 | D:7      | Found an ancient bone altar of Kikubaaqudgha.
  6280 | D:7      | Found a blossoming altar of Fedhas.
  6280 | D:7      | Found a radiant altar of Vehumet.
  6290 | D:7      | Found a white marble altar of Elyvilon.
  6291 | D:7      | Found a sacrificial altar of Ru.
  6368 | D:7      | Acquired Makhleb's third power
  6506 | D:7      | Reached skill level 7 in Invocations
  6743 | D:7      | Found a sparkling altar of Nemelex Xobeh.
  7321 | D:8      | Acquired Makhleb's fourth power
  7395 | D:8      | Found a shadowy altar of Dithmenos.
  7431 | D:8      | Reached skill level 8 in Invocations
  7531 | D:8      | Reached XP level 10. HP: 84/84 MP: 16/16
  7716 | D:8      | Found a staircase to the Lair.
  7929 | Lair:1   | Entered Level 1 of the Lair of Beasts
  7991 | Lair:1   | Acquired Makhleb's fifth power
  8156 | Lair:1   | Reached skill level 9 in Invocations
  8289 | Lair:1   | Noticed a black mamba
  8302 | Lair:1   | Killed a black mamba
  8302 | Lair:1   | Reached skill level 5 in Dodging
  9086 | Lair:1   | Noticed Fannar
  9106 | Lair:1   | Killed Fannar
  9106 | Lair:1   | Reached skill level 10 in Invocations
  9279 | Lair:1   | Reached XP level 11. HP: 82/94 MP: 18/18
  9742 | Lair:2   | Reached skill level 11 in Invocations
  9879 | Lair:2   | Got a brightly glowing robe
  9880 | Lair:2   | Identified the cursed +0 robe of Tyib {Regen+ rCorr} (You found it on level 2 of the Lair of Beasts)
  9979 | Lair:2   | Noticed Sonja
  9982 | Lair:2   | Killed Sonja
 10072 | Lair:2   | Noticed a five-headed hydra
 10077 | Lair:2   | Killed a five-headed hydra
 10077 | Lair:2   | Reached skill level 12 in Invocations
 10395 | Lair:2   | Noticed a death yak
 10402 | Lair:2   | Noticed a death yak
 10403 | Lair:2   | Noticed a death yak
 10403 | Lair:2   | Killed a death yak
 10403 | Lair:2   | Reached skill level 1 in Throwing
 10405 | Lair:2   | Noticed a death yak
 10424 | Lair:2   | Killed a death yak
 10424 | Lair:2   | Reached skill level 13 in Invocations
 10429 | Lair:2   | Noticed Nergalle
 10763 | Lair:2   | Killed a death yak
 10798 | Lair:2   | Killed Nergalle
 10798 | Lair:2   | Reached XP level 12. HP: 21/103 MP: 20/22
 10823 | Lair:2   | Killed a death yak
 11476 | Lair:3   | Noticed Snorg
 11480 | Lair:3   | Mangled by Snorg

Vault maps used:
D:1:      denvon_arrival_planthouse, minmay_stone_trees_large
D:2:      bloody_makhleb, uniq_jessica
D:3:      cheibriados_altar_wand_db, evilmike_ruin_ashenzari, first_bread
D:5:      hangedman_decor_clover_reticule
D:6:      led_sif_book
D:7:      grunt_temple_overflow_open, basic_altar, grunt_ogre_cave, uniq_joseph
D:8:      kennysheep_little_box, erik_lair_orcish_takeover
Temple:   circular_temple_6
Lair:1:   hangedman_lair_generics_rect, uniq_fannar
Lair:2:   grunt_forest_stairs_basic, uniq_nergalle, uniq_sonja
Lair:3:   uniq_gastronok, uniq_snorg

Action                   |  1- 3 |  4- 6 |  7- 9 | 10-12 || total
-------------------------+-------+-------+-------+-------++-------
Melee: War axe           |    90 |    45 |   136 |   242 ||   513
       Whip              |     2 |    52 |    82 |    21 ||   157
       Flail             |       |       |   142 |       ||   142
Invok: Minor Destruction |       |       |    59 |    35 ||    94
       Lesser Servant of |       |       |     1 |       ||     1
       Major Destruction |       |       |       |    45 ||    45
       Greater Servant o |       |       |       |     1 ||     1
Evoke: Wand              |       |     1 |     9 |     4 ||    14
  Use: Potion            |       |     4 |       |     1 ||     5
       Scroll            |       |       |     8 |     7 ||    15
  Eat: Chunk             |     1 |     5 |    28 |    12 ||    46
       Royal jelly       |       |       |       |     1 ||     1
       Pizza             |       |       |       |     2 ||     2
       Meat ration       |       |       |       |     1 ||     1
